 Dungeon Crawl Stone Soup version 0.28.0 (webtiles) character file.

Game seed: 8146560794525274746

41 growler the Gusty (level 3, -4/19 HPs)
             Began as a Tengu Air Elementalist on Feb 11, 2022.
             Slain by a gnoll (10 damage)
             ... on level 2 of the Dungeon.
             The game lasted 00:05:01 (1669 turns).

growler the Gusty (Tengu Air Elementalist)          Turns: 1669, Time: 00:05:01

Health: -4/19      AC:  2    Str:  8    XL:     3   Next: 52%
Magic:  0/7        EV: 12    Int: 17    God:
Gold:   96         SH:  0    Dex: 14    Spells: 4/7 levels left

rFire   . . .      SeeInvis .   (no weapon)
rCold   . . .      Faith    .   (no shield)
rNeg    . . .      Spirit   .   a - +0 robe
rPois   .          Reflect  .   (helmet restricted)
rElec   .          Harm     .   (no cloak)
rCorr   .          Rampage  .   (no gloves)
Will    .....                   (boots unavailable)
Stlth   ++........              (no amulet)
HPRegen 0.06/turn               (no ring)
MPRegen 0.10/turn               (no ring)

@: lethally poisoned (-4 -> -14)
A: beak, talons 3
a: no special abilities


You were on level 2 of the Dungeon.
You visited 1 branch of the dungeon, and saw 2 of its levels.

You collected 96 gold pieces.

Inventory:

Armour
 a - a +0 robe (worn)
Scrolls
 b - a scroll of fear {unknown}
 c - 2 scrolls of identify {unknown}


   Skills:
 - Level 2.1 Dodging
 - Level 2.0 Stealth
 + Level 2.6 Spellcasting
 + Level 2.8 Conjurations
 + Level 4.6 Air Magic


You had 4 spell levels left.
You knew the following spells:

 Your Spells              Type           Power      Damage    Failure   Level
a - Shock                 Conj/Air       56%        1d6       4%          1
d - Static Discharge      Conj/Air       14%        N/A       6%          2

Your spell library contained the following spells:

 Spells                   Type           Power      Damage    Failure   Level
 Swiftness                Air            18%        N/A       9%          3
 Freeze                   Ice            8%         1d3       19%         1
 Airstrike                Air            9%         N/A       26%         4
 Frozen Ramparts          Ice            4%         1d2       50%         3
 Hailstorm                Conj/Ice       7%         3d4       71%         4


Dungeon Overview and Level Annotations

Branches:
Dungeon (2/15)

Altars:
Elyvilon


Innate Abilities, Weirdness & Mutations

You have a beak for a mouth.
You have claws for feet.


Message History

A goblin is nearby!
A goblin is nearby!
A goblin is nearby!
Aim: a goblin, wielding a +0 club (wandering, hasn't noticed you, 64% to hit)
The zap hits the goblin.
You kill the goblin!
A bat comes into view.
Aim: a bat (57% to hit)
The zap hits the bat.
Aim: a bat (moderately wounded, 57% to hit)
You miscast Shock.
You are very lightly contaminated with residual magic.
Nothing appears to happen.
The bat hits you but does no damage.
The bat is struck by an arc of lightning.
You are struck by an arc of lightning.
The lightning grounds out.
The bat hits you.
The zap hits the bat.
You kill the bat!
You can't see any susceptible monsters within range! (Use Z to cast anyway.)
Your magical contamination has completely faded away.
A gnoll comes into view. It is wielding a +1 halberd of venom.
Aim: a gnoll, wielding a +1 halberd of venom (wandering, hasn't noticed you, 75% to hit)
The zap hits the gnoll but does no damage.
The gnoll shouts!
Aim: a gnoll, wielding a +1 halberd of venom (75% to hit)
The zap hits the gnoll.
Aim: a gnoll, wielding a +1 halberd of venom (lightly wounded, 75% to hit)
The zap hits the gnoll but does no damage.
Aim: a gnoll, wielding a +1 halberd of venom (lightly wounded, 75% to hit)
The zap hits the gnoll.
A gnoll comes into view. It is wielding a +0 halberd.
Aim: a gnoll, wielding a +1 halberd of venom (moderately wounded, 75% to hit)
The zap hits the gnoll. x2
The gnoll shouts!
Aim: a gnoll, wielding a +1 halberd of venom (moderately wounded, 75% to hit)
The zap hits the gnoll. x2
The gnoll hits you from afar with a +1 halberd of venom.
You are lethally poisoned!
It was a potion of cancellation.
You feel magically purged.
* * * LOW HITPOINT WARNING * * *
You feel very sick. The gnoll barely misses you.
Unknown command.
Aim: a gnoll, wielding a +1 halberd of venom (heavily wounded, 75% to hit)
The zap hits the gnoll. x2
* * * LOW HITPOINT WARNING * * *
You feel very sick.
The gnoll hits you from afar with a +1 halberd of venom!
Ouch! That really hurt!
You die...

#.# #.# #.#
#.# #.# #.#
###.#####.#
#..@.g.g..)
#.#..†.....
#.#######.#
#.##..
#.##.#
#.##.#
#.##.#
#....#
####.#


You could see 2 gnolls.

Vanquished Creatures
  A gnoll (D:1)
  4 endoplasms
  3 giant cockroaches
  5 goblins
  4 hobgoblins
  A quokka (D:1)
  3 ball pythons
  2 bats
  2 frilled lizards (D:1)
  2 kobolds
  3 rats
30 creatures vanquished.

Notes
Turn   | Place    | Note
-------+----------+-------------------------------------------
     0 | D:1      | growler the Tengu Air Elementalist began the quest for the
                  | Orb.
     0 | D:1      | Reached XP level 1. HP: 10/10 MP: 4/4
   133 | D:1      | Reached XP level 2. HP: 15/15 MP: 3/6
   136 | D:1      | Learned a level 2 spell: Static Discharge
   564 | D:1      | Reached XP level 3. HP: 19/19 MP: 4/7
  1323 | D:2      | Found a white marble altar of Elyvilon.
  1669 | D:2      | Slain by a gnoll

Illustrated notes

Levels and vault maps discovered:
D:1:      nicolae_arrival_washed_ashore, layout_basic
D:2:      layout_loops_ring, basic_altar, kennysheep_path_1, minivault_23,
          minmay_misc_feat_cross

Skill      XL: |  1  2 |
---------------+-------+-----
Conjurations   | 2 |  2.8
Dodging        | |  2.1
Stealth        | |  2.0
Spellcasting   | |  2.6
Air Magic      | |  4.6

Action                   || total
-------------------------++-------
Melee: Unarmed           ||     6
       Peck              ||     3
 Cast: Shock             ||    45
       Static Discharge  ||     7
  Use: Potion            ||     1
 Stab: Sleeping          ||     1
Armor: Robe              ||     1
Dodge: Dodged            ||     8
